TOP OF THE 1ST |
Brookline HS Warriors batting - Pitching for Huntsville HS Wasps : RHP Gonzalo Torres
|
Pitching: RHP Gonzalo Torres
|
|
Batting: RHB Gilbert Bentley
|
0-0: Ball 1-0: Ball 2-0: Called Strike 2-1: Ball 3-1: Fly out, F8 (Flyball, 8LD)
|
Batting: RHB Raúl Rivera
|
0-0: Swinging Strike 0-1: Ball 1-1: Called Strike 1-2: Strikes out swinging
|
Batting: RHB John Warren
|
0-0: Foul Ball, location: 2F 0-1: Called Strike 0-2: Ground out 4-3 (Groundball, 4)
|
Top of the 1st over - 0 runs, 0 hits, 0 errors, 0 left on base; Brookline HS 0 - Huntsville HS 0 |
BOTTOM OF THE 1ST |
Huntsville HS Wasps batting - Pitching for Brookline HS Warriors : LHP Robert Smith
|
Pitching: LHP Robert Smith
|
|
Batting: RHB Fernando Sauceda
|
0-0: Called Strike 0-1: Ball 1-1: Ball 2-1: Called Strike 2-2: Strikes out swinging
|
Batting: RHB Chester Horn
|
0-0: Foul Ball, location: 2F 0-1: Ball 1-1: Called Strike 1-2: Ball 2-2: Strikes out looking
|
Batting: RHB Charlie Harris
|
0-0: Ball 1-0: Ball 2-0: Called Strike 2-1: Foul Ball, location: 2F 2-2: Foul Ball, location: 2F 2-2: Ball 3-2: Reached on error, E5 (Groundball, 56S)
|
Batting: RHB David Kemp
|
0-0: Called Strike 0-1: Foul Ball, location: 2F 0-2: Ball 1-2: Ball 2-2: Ball 3-2: DOUBLE (Line Drive, 89XD) Charlie Harris scores
|
Batting: RHB Dave Stroud
|
0-0: Called Strike 0-1: Swinging Strike 0-2: Ground out 5-3 (Groundball, 5)
|
Bottom of the 1st over - 1 run, 1 hit, 1 error, 1 left on base; Brookline HS 0 - Huntsville HS 1 |
TOP OF THE 2ND |
Brookline HS Warriors batting - Pitching for Huntsville HS Wasps : RHP Gonzalo Torres
|
Batting: RHB León Colón
|
0-0: Called Strike 0-1: Foul Ball, location: 2F 0-2: Ball 1-2: Fly out, F3 (Popup, 3)
|
Batting: LHB Rich Heath
|
0-0: Called Strike 0-1: Foul Ball, location: 2F 0-2: Ball 1-2: Ball 2-2: Foul Ball, location: 2F 2-2: Ball 3-2: Foul Ball, location: 2F 3-2: Foul Ball, location: 2F 3-2: Foul Ball, location: 2F 3-2: Base on Balls
|
Batting: RHB Spike Lamb
|
0-0: Called Strike 0-1: Ball 1-1: Called Strike 1-2: Foul Ball, location: 2F 1-2: Strikes out swinging
|
Batting: RHB Michael Mossman
|
0-0: Called Strike 0-1: Ball 1-1: Swinging Strike 1-2: Foul Ball, location: 2F 1-2: Ball 2-2: Ball 3-2: Foul Ball, location: 2F 3-2: SINGLE (Groundball, 6M) (infield hit) Rich Heath to second
|
Batting: RHB John Brown
|
0-0: Called Strike 0-1: Swinging Strike 0-2: Foul Ball, location: 2F 0-2: Strikes out swinging
|
Top of the 2nd over - 0 runs, 1 hit, 0 errors, 2 left on base; Brookline HS 0 - Huntsville HS 1 |
BOTTOM OF THE 2ND |
Huntsville HS Wasps batting - Pitching for Brookline HS Warriors : LHP Robert Smith
|
Batting: RHB Jeff Duncan
|
0-0: Ball 1-0: Ball 2-0: SINGLE (Groundball, 6D)
|
Batting: RHB Travis McKenzie
|
0-0: SINGLE (Groundball, 6D) Jeff Duncan to second
|
Batting: RHB Brandon Roe
|
0-0: Called Strike 0-1: Swinging Strike 0-2: Ball 1-2: Fly out, F7 (Flyball, 7LM)
|
Batting: SHB Al Swanson
|
0-0: Ground out U3 (Groundball, 3S) Jeff Duncan to third Travis McKenzie to second
|
Batting: RHB Fernando Sauceda
|
0-0: Called Strike 0-1: Ball 1-1: Ball 2-1: Called Strike 2-2: Foul Ball, location: 2F 2-2: Fly out, F9 (Flyball, 9D)
|
Bottom of the 2nd over - 0 runs, 2 hits, 0 errors, 2 left on base; Brookline HS 0 - Huntsville HS 1 |
TOP OF THE 3RD |
Brookline HS Warriors batting - Pitching for Huntsville HS Wasps : RHP Gonzalo Torres
|
Batting: RHB Lawrence Caldwell
|
0-0: Called Strike 0-1: Called Strike 0-2: Foul Ball, location: 2F 0-2: Strikes out swinging, 2-3 out at first.
|
Batting: RHB Gilbert Bentley
|
0-0: Ball 1-0: SOLO HOME RUN (Flyball, 7D), Distance : 378 ft
|
Batting: RHB Raúl Rivera
|
0-0: Swinging Strike 0-1: Ball 1-1: Ball 2-1: Foul Ball, location: 2F 2-2: Foul Ball, location: 2F 2-2: Ball 3-2: SINGLE (Line Drive, 8LS)
|
Batting: RHB John Warren
|
0-0: Called Strike 0-1: Ball Wild Pitch! Raúl Rivera to second 1-1: Fly out, F8 (Flyball, 8RD) Runner from 2nd tags up, SAFE at 3rd with throw
|
Batting: RHB León Colón
|
0-0: Called Strike 0-1: Ball 1-1: Ball 2-1: Ball 3-1: Base on Balls
|
Batting: LHB Rich Heath
|
0-0: Called Strike 0-1: Foul Ball, location: 2F 0-2: Strikes out looking
|
Top of the 3rd over - 1 run, 2 hits, 0 errors, 2 left on base; Brookline HS 1 - Huntsville HS 1 |
BOTTOM OF THE 3RD |
Huntsville HS Wasps batting - Pitching for Brookline HS Warriors : LHP Robert Smith
|
Batting: RHB Chester Horn
|
0-0: Swinging Strike 0-1: Foul Ball, location: 2F 0-2: Ball 1-2: Strikes out swinging
|
Batting: RHB Charlie Harris
|
0-0: Fly out, F9 (Flyball, 89S)
|
Batting: RHB David Kemp
|
0-0: Ball 1-0: Ball 2-0: Ball 3-0: Foul Ball, location: 2F 3-1: Base on Balls
|
Batting: RHB Dave Stroud
|
0-0: Ball 1-0: Foul Ball, location: 2F 1-1: Swinging Strike 1-2: Strikes out swinging
|
Bottom of the 3rd over - 0 runs, 0 hits, 0 errors, 1 left on base; Brookline HS 1 - Huntsville HS 1 |
TOP OF THE 4TH |
Brookline HS Warriors batting - Pitching for Huntsville HS Wasps : RHP Gonzalo Torres
|
Batting: RHB Spike Lamb
|
0-0: Ball 1-0: Ball 2-0: Foul Ball, location: 2F 2-1: Foul Ball, location: 2F 2-2: Ball 3-2: Base on Balls
|
Batting: RHB Michael Mossman
|
0-0: Swinging Strike 0-1: Ball 1-1: Foul Ball, location: 2F 1-2: Fly out, F6 (Popup, 6M)
|
Batting: RHB John Brown
|
0-0: Fly out, F5 (Line Drive, 56)
|
Batting: RHB Lawrence Caldwell
|
0-0: Fly out, F9 (Flyball, 89S)
|
Top of the 4th over - 0 runs, 0 hits, 0 errors, 1 left on base; Brookline HS 1 - Huntsville HS 1 |
BOTTOM OF THE 4TH |
Huntsville HS Wasps batting - Pitching for Brookline HS Warriors : LHP Robert Smith
|
Batting: RHB Jeff Duncan
|
0-0: Called Strike 0-1: Ball 1-1: Ball 2-1: Ball 3-1: Foul Ball, location: 2F 3-2: Fly out, F8 (Flyball, 8LS)
|
Batting: RHB Travis McKenzie
|
0-0: Foul Ball, location: 2F 0-1: Called Strike 0-2: Strikes out looking
|
Batting: RHB Brandon Roe
|
0-0: Foul Ball, location: 2F 0-1: Ball 1-1: Called Strike 1-2: Ball 2-2: Strikes out looking
|
Bottom of the 4th over - 0 runs, 0 hits, 0 errors, 0 left on base; Brookline HS 1 - Huntsville HS 1 |
TOP OF THE 5TH |
Brookline HS Warriors batting - Pitching for Huntsville HS Wasps : RHP Gonzalo Torres
|
Batting: RHB Gilbert Bentley
|
0-0: Ball 1-0: Called Strike 1-1: Ball 2-1: SINGLE (Groundball, 4MD)
|
Pitching: LHP Ed Garner
|
|
Batting: RHB Raúl Rivera
|
0-0: Ball 1-0: Ball Gilbert Bentley is caught stealing 2nd base 2-0: Called Strike 2-1: Ball 3-1: Base on Balls
|
Batting: RHB John Warren
|
0-0: Ball 1-0: Called Strike 1-1: Swinging Strike 1-2: Ball 2-2: Ball 3-2: Foul Ball, location: 2F 3-2: Foul Ball, location: 2F 3-2: Base on Balls Raúl Rivera to second
|
Batting: RHB León Colón
|
0-0: Called Strike 0-1: Swinging Strike 0-2: Strikes out swinging
|
Batting: LHB Rich Heath
|
0-0: Called Strike 0-1: Ball 1-1: Ball 2-1: Ball 3-1: Base on Balls Raúl Rivera to third John Warren to second
|
Batting: RHB Spike Lamb
|
0-0: Ball 1-0: SINGLE (Line Drive, 9S) Raúl Rivera scores John Warren to third Rich Heath to second Runner from 3rd tries for Home, SAFE, throw made home
|
Batting: RHB Michael Mossman
|
0-0: Ball 1-0: Ball 2-0: Ball 3-0: Base on Balls Rich Heath to third Spike Lamb to second
|
Batting: RHB John Brown
|
0-0: Foul Ball, location: 2F 0-1: Ball 1-1: Ball 2-1: Fly out, F8 (Line Drive, 8RS)
|
Top of the 5th over - 2 runs, 2 hits, 0 errors, 3 left on base; Brookline HS 3 - Huntsville HS 1 |
BOTTOM OF THE 5TH |
Huntsville HS Wasps batting - Pitching for Brookline HS Warriors : LHP Robert Smith
|
Batting: SHB Al Swanson
|
0-0: Fly out, F9 (Flyball, 89M)
|
Batting: RHB Fernando Sauceda
|
0-0: Ground out 6-3 (Groundball, 6)
|
Batting: RHB Chester Horn
|
0-0: Ball 1-0: Fly out, F9 (Flyball, 89S)
|
Bottom of the 5th over - 0 runs, 0 hits, 0 errors, 0 left on base; Brookline HS 3 - Huntsville HS 1 |
TOP OF THE 6TH |
Brookline HS Warriors batting - Pitching for Huntsville HS Wasps : LHP Ed Garner
|
Pitching: LHP Jerry Miller
|
|
Batting: RHB Lawrence Caldwell
|
0-0: Fly out, F5 (Line Drive, 56)
|
Batting: RHB Gilbert Bentley
|
0-0: Called Strike 0-1: Called Strike 0-2: Strikes out looking
|
Batting: RHB Raúl Rivera
|
0-0: Ball 1-0: SINGLE (Groundball, 4MD)
|
Batting: RHB John Warren
|
0-0: Called Strike 0-1: SINGLE (Line Drive, 7S) Raúl Rivera to second
|
Batting: RHB León Colón
|
Balk! Raúl Rivera to third John Warren to second 0-0: Intentional Walk
|
Batting: LHB Rich Heath
|
0-0: Ball 1-0: Ball 2-0: Called Strike 2-1: Ball 3-1: Foul Ball, location: 2F 3-2: SINGLE (Groundball, 23) (infield hit) Raúl Rivera scores John Warren to third León Colón to second
|
Batting: RHB Spike Lamb
|
0-0: Called Strike 0-1: Ball 1-1: Foul Ball, location: 2F 1-2: Foul Ball, location: 2F 1-2: Ground out 3-1 (Groundball, 34)
|
Top of the 6th over - 1 run, 3 hits, 0 errors, 3 left on base; Brookline HS 4 - Huntsville HS 1 |
BOTTOM OF THE 6TH |
Huntsville HS Wasps batting - Pitching for Brookline HS Warriors : LHP Robert Smith
|
Batting: RHB Charlie Harris
|
0-0: Foul Ball, location: 2F 0-1: Ball 1-1: Ball 2-1: Foul Ball, location: 2F 2-2: Ball 3-2: Strikes out swinging
|
Batting: RHB David Kemp
|
0-0: Ball 1-0: SINGLE (Groundball, 56D)
|
Pitching: RHP Don Hayes
|
|
Batting: RHB Dave Stroud
|
0-0: SINGLE (Groundball, 6D) David Kemp to second
|
Batting: RHB Jeff Duncan
|
0-0: Hit by Pitch David Kemp to third Dave Stroud to second
|
Batting: RHB Travis McKenzie
|
0-0: Ball 1-0: Ball 2-0: Ball 3-0: Base on Balls David Kemp scores Dave Stroud to third Jeff Duncan to second
|
Batting: RHB Brandon Roe
|
0-0: Foul Ball, location: 2F 0-1: Swinging Strike 0-2: Ball 1-2: Ball 2-2: SINGLE (Flyball, 9LM) Dave Stroud scores Jeff Duncan to third Travis McKenzie to second Runner from 3rd tries for Home, SAFE, no throw
|
Batting: SHB Al Swanson
|
0-0: Ball 1-0: Foul Ball, location: 2F 1-1: Fielders Choice at 2nd, 4-6 (Groundball, 4) Travis McKenzie to third
|
Batting: RHB Fernando Sauceda
|
Pickoff Throw to First - Out!
|
Bottom of the 6th over - 3 runs, 3 hits, 0 errors, 1 left on base; Brookline HS 4 - Huntsville HS 4 |
TOP OF THE 7TH |
Brookline HS Warriors batting - Pitching for Huntsville HS Wasps : LHP Jerry Miller
|
Batting: RHB Michael Mossman
|
0-0: Swinging Strike 0-1: Called Strike 0-2: SINGLE (Line Drive, 6MD)
|
Batting: RHB John Brown
|
0-0: Ball 1-0: Called Strike 1-1: Swinging Strike 1-2: Ball 2-2: Fly out, F8 (Flyball, 8RD)
|
Batting: RHB Lawrence Caldwell
|
0-0: Called Strike 0-1: Called Strike 0-2: Foul Ball, location: 2F 0-2: Ball 1-2: Ball 2-2: Ball 3-2: Base on Balls Michael Mossman to second
|
Batting: RHB Gilbert Bentley
|
0-0: Called Strike 0-1: Ball 1-1: Swinging Strike 1-2: Strikes out swinging
|
Batting: RHB Raúl Rivera
|
0-0: Called Strike 0-1: Ball 1-1: Called Strike 1-2: Ball 2-2: Strikes out swinging
|
Top of the 7th over - 0 runs, 1 hit, 0 errors, 2 left on base; Brookline HS 4 - Huntsville HS 4 |
BOTTOM OF THE 7TH |
Huntsville HS Wasps batting - Pitching for Brookline HS Warriors : RHP Don Hayes
|
Batting: RHB Fernando Sauceda
|
0-0: Fly out, F3 (Popup, 3L)
|
Batting: RHB Chester Horn
|
0-0: SINGLE (Groundball, 6MD)
|
Batting: RHB Charlie Harris
|
0-0: Ball 1-0: Foul Ball, location: 2F 1-1: Ball Chester Horn steals 2nd base 2-1: Foul Ball, location: 2F 2-2: Ball 3-2: Ground out 6-3 (Groundball, 6) Chester Horn to third
|
Batting: RHB David Kemp
|
0-0: Intentional Walk
|
Pinch Hitting: RHB Mike Johnston
|
0-0: Called Strike 0-1: Ball 1-1: Ball 2-1: Ball 3-1: Foul Ball, location: 2F 3-2: Ground out 6-3 (Groundball, 6)
|
Bottom of the 7th over - 0 runs, 1 hit, 0 errors, 2 left on base; Brookline HS 4 - Huntsville HS 4 |
TOP OF THE 8TH |
Brookline HS Warriors batting - Pitching for Huntsville HS Wasps : LHP Jerry Miller
|
Now in LF: James Belcher
|
|
Batting: RHB John Warren
|
0-0: SINGLE (Groundball, 4MS) (infield hit)
|
Batting: RHB León Colón
|
0-0: Called Strike 0-1: Ball 1-1: Ball 2-1: Foul Ball, location: 2F 2-2: Strikes out looking
|
Batting: LHB Rich Heath
|
0-0: Ball 1-0: Ball 2-0: Ground out 4-3 (Groundball, 34) John Warren to second
|
Batting: RHB Spike Lamb
|
0-0: SINGLE (Groundball, 34D) John Warren to third Runner from 3rd tries for Home, SAFE, no throw
|
Pitching: RHP Clarence Miller
|
|
Batting: RHB Michael Mossman
|
0-0: Ball 1-0: Foul Ball, location: 2F 1-1: Ball 2-1: Called Strike 2-2: 2-RUN HOME RUN (Line Drive, 78XD), Distance : 437 ft
|
Batting: RHB John Brown
|
0-0: SINGLE (Groundball, 56D)
|
Batting: RHB Lawrence Caldwell
|
0-0: Ball 1-0: Called Strike 1-1: Hit by Pitch John Brown to second
|
Batting: RHB Gilbert Bentley
|
0-0: Called Strike 0-1: Ball 1-1: SINGLE (Groundball, 6MD) John Brown to third Lawrence Caldwell to second Runner from 3rd tries for Home, SAFE, no throw
|
Pitching: RHP Sergio Sáenz
|
|
Batting: RHB Raúl Rivera
|
0-0: Swinging Strike 0-1: Ball 1-1: Foul Ball, location: 2F 1-2: Foul Ball, location: 2F 1-2: Strikes out swinging
|
Top of the 8th over - 4 runs, 5 hits, 0 errors, 2 left on base; Brookline HS 8 - Huntsville HS 4 |
BOTTOM OF THE 8TH |
Huntsville HS Wasps batting - Pitching for Brookline HS Warriors : RHP Don Hayes
|
Pitching: LHP Stan Dwyer
|
|
Batting: RHB Jeff Duncan
|
0-0: Called Strike 0-1: Ball 1-1: Ball 2-1: Ground out 6-3 (Groundball, 6)
|
Batting: RHB Travis McKenzie
|
0-0: Called Strike 0-1: Foul Ball, location: 2F 0-2: Foul Ball, location: 2F 0-2: Ball 1-2: Strikes out swinging
|
Batting: RHB Brandon Roe
|
0-0: Ball 1-0: Ball 2-0: Ball 3-0: Called Strike 3-1: Called Strike 3-2: Strikes out swinging
|
Bottom of the 8th over - 0 runs, 0 hits, 0 errors, 0 left on base; Brookline HS 8 - Huntsville HS 4 |
TOP OF THE 9TH |
Brookline HS Warriors batting - Pitching for Huntsville HS Wasps : RHP Sergio Sáenz
|
Pitching: RHP Tim Bannatyne
|
|
Batting: RHB John Warren
|
0-0: Ball 1-0: Ball 2-0: Called Strike 2-1: Ball 3-1: SINGLE (Groundball, 6MD)
|
Batting: RHB León Colón
|
0-0: Called Strike 0-1: Called Strike 0-2: Ball 1-2: Ball 2-2: Ball 3-2: Strikes out swinging
|
Batting: LHB Rich Heath
|
0-0: Ball 1-0: Ball 2-0: Called Strike 2-1: Called Strike 2-2: Strikes out looking
|
Batting: RHB Spike Lamb
|
0-0: Foul Ball, location: 2F 0-1: Ball 1-1: Fly out, F8 (Flyball, 8LM)
|
Top of the 9th over - 0 runs, 1 hit, 0 errors, 1 left on base; Brookline HS 8 - Huntsville HS 4 |
BOTTOM OF THE 9TH |
Huntsville HS Wasps batting - Pitching for Brookline HS Warriors : LHP Stan Dwyer
|
Batting: SHB Al Swanson
|
0-0: Ball 1-0: Called Strike 1-1: Foul Ball, location: 2F 1-2: Ball 2-2: Strikes out swinging
|
Batting: RHB Fernando Sauceda
|
0-0: Swinging Strike 0-1: Ball 1-1: Ball 2-1: Ball 3-1: Base on Balls
|
Batting: RHB Chester Horn
|
0-0: Called Strike 0-1: Foul Ball, location: 2F 0-2: Foul Ball, location: 2F 0-2: Strikes out swinging
|
Batting: RHB Charlie Harris
|
0-0: Called Strike 0-1: Ball 1-1: Foul Ball, location: 2F 1-2: Ball 2-2: Ball 3-2: Ground out 4-3 (Groundball, 4)
|
Bottom of the 9th over - 0 runs, 0 hits, 0 errors, 1 left on base; Brookline HS 8 - Huntsville HS 4 |
|